Workbook

Sheet Tabelle1
B1: Termék-típus | C1: Termék neve | D1: ISIN | E1: Termékcsalád | F1: Ország | G1: Téma | H1: Xetra szimbólum | I1: Reuters kód | J1: Bloomberg ticker | K1: Kezelési díj (%) | L1: Folyamatos költségek | M1: Nyereség felhasználása | N1: Replikációs módszer | O1: Alap devizája | P1: Kereskedési deviza | Q1: Min. kereskedési egység | R1: Max. spread | S1: iNAV (Reuters) | T1: iNAV (Bloomberg) | U1: Benchmark | V1: Kibocsátó honlapja
A2: 1 | B2: Active ETF | C2: PIMCO Euro Short Maturity UCITS ETF | D2: IE00B5ZR2157 | E2: PIMCO | F2: {=INDEX(Munka1!$A$2:$A$45, MATCH(1,COUNTIF(C2,"*"&Munka1!$A$2:$A$45&"*"),0), 1)} | G2: {=INDEX(Munka1!$B$2:$B$45, MATCH(1,COUNTIF(C2,"*"&Munka1!$B$2:$B$45&"*"),0), 1)} | H2: PJS1 | I2: PJS1.DE | J2: PJS1 GY | L2: 0.0035 | M2: Distributing | N2: Full Replication | O2: EUR | P2: EUR | Q2: 100000 EUR | R2: 0.01 | S2: PJS1iv.OQ | T2: PJS1IN | V2: www.pimco.de/de-de/investments/etfs
A3: 2 | B3: Active ETF | C3: Ossiam Europe ESG Machine Learning UCITS ETF - 1C (EUR) | D3: LU0599612842 | E3: Ossiam | F3: {=INDEX(Munka1!$A$2:$A$45, MATCH(1,COUNTIF(C3,"*"&Munka1!$A$2:$A$45&"*"),0), 1)} -> Europe | G3: {=INDEX(Munka1!$B$2:$B$45, MATCH(1,COUNTIF(C3,"*"&Munka1!$B$2:$B$45&"*"),0), 1)} -> ESG | H3: OSX4 | I3: OSX4.DE | J3: OSX4 GY | L3: 0.0065 | M3: Accumulating | N3: Swap-based | O3: EUR | P3: EUR | Q3: 200000 EUR | R3: 0.01 | S3: OSX4EURINAV=SOLA | T3: OSX4EUIV | V3: www.ossiam.com
A4: 3 | B4: Active ETF | C4: PIMCO Covered Bond UCITS ETF | D4: IE00BF8HV717 | E4: PIMCO | F4: {=INDEX(Munka1!$A$2:$A$45, MATCH(1,COUNTIF(C4,"*"&Munka1!$A$2:$A$45&"*"),0), 1)} | G4: {=INDEX(Munka1!$B$2:$B$45, MATCH(1,COUNTIF(C4,"*"&Munka1!$B$2:$B$45&"*"),0), 1)} -> bond | H4: COVR | I4: COVR.DE | J4: COVR GY | L4: 0.0043 | M4: Distributing | N4: Full Replication | O4: EUR | P4: EUR | Q4: 100000 EUR | R4: 0.01 | S4: INCOVRiv.OQ | T4: INCOVR | V4: www.pimco.de/de-de/investments/etfs
A5: 4 | B5: Active ETF | C5: PIMCO Euro Low Duration Corporate Bond UCITS ETF | D5: IE00BP9F2J32 | E5: PIMCO | F5: {=INDEX(Munka1!$A$2:$A$45, MATCH(1,COUNTIF(C5,"*"&Munka1!$A$2:$A$45&"*"),0), 1)} | G5: {=INDEX(Munka1!$B$2:$B$45, MATCH(1,COUNTIF(C5,"*"&Munka1!$B$2:$B$45&"*"),0), 1)} -> bond | H5: LDCE | I5: LDCE.DE | J5: LDCE GY | L5: 0.0049 | M5: Distributing | N5: Full Replication | O5: EUR | P5: EUR | Q5: 50000 EUR | R5: 0.01 | S5: INLDCEiv.OQ | T5: INLDCE | V5: www.pimco.de/de-de/investments/etfs
A6: 5 | B6: Active ETF | C6: PIMCO Euro Short Maturity UCITS ETF EUR ACC | D6: IE00BVZ6SP04 | E6: PIMCO | F6: {=INDEX(Munka1!$A$2:$A$45, MATCH(1,COUNTIF(C6,"*"&Munka1!$A$2:$A$45&"*"),0), 1)} | G6: {=INDEX(Munka1!$B$2:$B$45, MATCH(1,COUNTIF(C6,"*"&Munka1!$B$2:$B$45&"*"),0), 1)} | H6: PJSR | I6: PJSR.DE | J6: PJSR GY | L6: 0.0035 | M6: Accumulating | N6: Full Replication | O6: EUR | P6: EUR | Q6: 100000 EUR | R6: 0.01 | S6: F701EURINAV=SOLA | T6: INPJSR | V6: www.pimco.de/de-de/investments/etfs
A7: 6 | B7: Active ETF | C7: Lyxor Portfolio Strategy UCITS ETF | D7: DE000ETF7011 | E7: Amundi | F7: {=INDEX(Munka1!$A$2:$A$45, MATCH(1,COUNTIF(C7,"*"&Munka1!$A$2:$A$45&"*"),0), 1)} | G7: {=INDEX(Munka1!$B$2:$B$45, MATCH(1,COUNTIF(C7,"*"&Munka1!$B$2:$B$45&"*"),0), 1)} | H7: F701 | I7: F701.DE | J7: F701 GY | L7: 0.0045 | M7: Distributing | N7: Full Replication | O7: EUR | P7: EUR | Q7: 500 shares | R7: 0.02 | S7: JPSTEUiv.P | T7: F701EUIV | V7: www.lyxoretf.de
A8: 7 | B8: Active ETF | C8: JPM USD Ultra-Short Income UCITS ETF | D8: IE00BDFC6Q91 | E8: J.P. Morgan ETF | F8: {=INDEX(Munka1!$A$2:$A$45, MATCH(1,COUNTIF(C8,"*"&Munka1!$A$2:$A$45&"*"),0), 1)} | G8: {=INDEX(Munka1!$B$2:$B$45, MATCH(1,COUNTIF(C8,"*"&Munka1!$B$2:$B$45&"*"),0), 1)} | H8: JPPS | I8: JPPS.DE | J8: JPPS GY | L8: 0.0018 | M8: Distributing | N8: Full Replication | O8: USD | P8: EUR | Q8: 50000 EUR | R8: 0.03 | S8: F702EURINAV=SOLA | T8: JPSTEUIV | V8: www.jpmorganassetmanagement.ie
A9: 8 | B9: Active ETF | C9: Lyxor Portfolio Strategy Defensive UCITS ETF | D9: DE000ETF7029 | E9: Amundi | F9: {=INDEX(Munka1!$A$2:$A$45, MATCH(1,COUNTIF(C9,"*"&Munka1!$A$2:$A$45&"*"),0), 1)} | G9: {=INDEX(Munka1!$B$2:$B$45, MATCH(1,COUNTIF(C9,"*"&Munka1!$B$2:$B$45&"*"),0), 1)} | H9: F702 | I9: F702.DE | J9: F702 GY | L9: 0.004 | M9: Distributing | N9: Full Replication | O9: EUR | P9: EUR | Q9: 50000 EUR | R9: 0.02 | S9: F703EURINAV=SOLA | T9: F702EUIV | V9: www.lyxoretf.de
A10: 9 | B10: Active ETF | C10: Lyxor Portfolio Strategy Offensive UCITS ETF | D10: DE000ETF7037 | E10: Amundi | F10: {=INDEX(Munka1!$A$2:$A$45, MATCH(1,COUNTIF(C10,"*"&Munka1!$A$2:$A$45&"*"),0), 1)} | G10: {=INDEX(Munka1!$B$2:$B$45, MATCH(1,COUNTIF(C10,"*"&Munka1!$B$2:$B$45&"*"),0), 1)} | H10: F703 | I10: F703.DE | J10: F703 GY | L10: 0.0052 | M10: Distributing | N10: Full Replication | O10: EUR | P10: EUR | Q10: 50000 EUR | R10: 0.02 | S10: HWWDEUiv.P | T10: F703EUIV | V10: www.lyxoretf.de
A11: 10 | B11: Active ETF | C11: HSBC Multi-Factor Worldwide Equity UCITS ETF | D11: IE00BKZGB098 | E11: HSBC ETF | F11: {=INDEX(Munka1!$A$2:$A$45, MATCH(1,COUNTIF(C11,"*"&Munka1!$A$2:$A$45&"*"),0), 1)} -> world | G11: {=INDEX(Munka1!$B$2:$B$45, MATCH(1,COUNTIF(C11,"*"&Munka1!$B$2:$B$45&"*"),0), 1)} | H11: H41J | I11: H41J.DE | J11: H41J GY | L11: 0.0025 | M11: Distributing | N11: Full Replication | O11: USD | P11: EUR | Q11: 100000 EUR | R11: 0.01 | S11: H41JEURINAV=SOLA | T11: H41JEUIV | V11: www.etf.hsbc.com
A12: 11 | B12: Active ETF | C12: Ossiam ESG Low Carbon Shiller Barclays CAPE US Sector UCITS ETF - 1A (EUR) | D12: IE00BF92LV92 | E12: Ossiam | F12: {=INDEX(Munka1!$A$2:$A$45, MATCH(1,COUNTIF(C12,"*"&Munka1!$A$2:$A$45&"*"),0), 1)} | G12: {=INDEX(Munka1!$B$2:$B$45, MATCH(1,COUNTIF(C12,"*"&Munka1!$B$2:$B$45&"*"),0), 1)} -> ESG | H12: 5HEE | I12: 5HEE.DE | J12: 5HEE GY | L12: 0.0075 | M12: Accumulating | N12: Optimised | O12: EUR | P12: EUR | Q12: 100000 EUR | R12: 0.01 | S12: 5HEDINAV=SOLA | T12: 5HEEIV | V12: www.ossiam.com
A13: 12 | B13: Active ETF | C13: Ossiam ESG Low Carbon Shiller Barclays CAPE US Sector UCITS ETF - 1A (USD) | D13: IE00BF92LR56 | E13: Ossiam | F13: {=INDEX(Munka1!$A$2:$A$45, MATCH(1,COUNTIF(C13,"*"&Munka1!$A$2:$A$45&"*"),0), 1)} | G13: {=INDEX(Munka1!$B$2:$B$45, MATCH(1,COUNTIF(C13,"*"&Munka1!$B$2:$B$45&"*"),0), 1)} -> ESG | H13: 5HED | I13: 5HED.DE | J13: 5HED GY | L13: 0.0075 | M13: Accumulating | N13: Optimised | O13: USD | P13: USD | Q13: 100000 USD | R13: 0.01 | S13: JESTEUiv.P | T13: 5HEDIV | V13: www.ossiam.com
... A32: 31 | B32: Active ETF | C32: Fidelity Sustainable Research Enhanced Europe Equity UCITS ETF - Acc | D32: IE00BKSBGT50 | E32: Fidelity ETF | F32: {=INDEX(Munka1!$A$2:$A$45, MATCH(1,COUNTIF(C32,"*"&Munka1!$A$2:$A$45&"*"),0), 1)} -> Europe | G32: {=INDEX(Munka1!$B$2:$B$45, MATCH(1,COUNTIF(C32,"*"&Munka1!$B$2:$B$45&"*"),0), 1)} | H32: FEUR | I32: FEUR.DE | J32: FEUR GY | L32: 0.003 | M32: Accumulating | N32: Optimised | O32: EUR | P32: EUR | Q32: 100000 EUR | R32: 0.015 | S32: FGLREURINAV=SOLA | T32: FEUEURIV | V32: www.fidelity-etfs.com
A33: 32 | B33: Active ETF | C33: Fidelity Sustainable Research Enhanced Global Equity UCITS ETF - Acc | D33: IE00BKSBGV72 | E33: Fidelity ETF | F33: {=INDEX(Munka1!$A$2:$A$45, MATCH(1,COUNTIF(C33,"*"&Munka1!$A$2:$A$45&"*"),0), 1)} | G33: {=INDEX(Munka1!$B$2:$B$45, MATCH(1,COUNTIF(C33,"*"&Munka1!$B$2:$B$45&"*"),0), 1)} | H33: FGLR | I33: FGLR.DE | J33: FGLR GY | L33: 0.0035 | M33: Accumulating | N33: Optimised | O33: USD | P33: EUR | Q33: 100000 EUR | R33: 0.015 | T33: FGLRIV | V33: www.fidelity-etfs.com
A34: 33 | B34: Active ETF | C34: BlackRock ESG Multi-Asset Conservative Portfolio UCITS ETF EUR (Acc) | D34: IE00BLP53M98 | E34: iShares | F34: {=INDEX(Munka1!$A$2:$A$45, MATCH(1,COUNTIF(C34,"*"&Munka1!$A$2:$A$45&"*"),0), 1)} | G34: {=INDEX(Munka1!$B$2:$B$45, MATCH(1,COUNTIF(C34,"*"&Munka1!$B$2:$B$45&"*"),0), 1)} -> ESG | H34: MACV | I34: MACV.DE | J34: MACV GY | L34: 0.0025 | M34: Accumulating | N34: Full Replication | O34: EUR | P34: EUR | Q34: 50000 EUR | R34: 0.03 | S34: 4IE7EUR=INAV | T34: INAVMAC1 | V34: www.ishares.com
A35: 34 | B35: Active ETF | C35: BlackRock ESG Multi-Asset Moderate Portfolio UCITS ETF EUR (Acc) | D35: IE00BLLZQS08 | E35: iShares | F35: {=INDEX(Munka1!$A$2:$A$45, MATCH(1,COUNTIF(C35,"*"&Munka1!$A$2:$A$45&"*"),0), 1)} | G35: {=INDEX(Munka1!$B$2:$B$45, MATCH(1,COUNTIF(C35,"*"&Munka1!$B$2:$B$45&"*"),0), 1)} -> ESG | H35: MODR | I35: MODR.DE | J35: MODR GY | L35: 0.0025 | M35: Accumulating | N35: Full Replication | O35: EUR | P35: EUR | Q35: 50000 EUR | R35: 0.03 | S35: 4IZHEUR=INAV | T35: INAVMOD1 | V35: www.ishares.com
A36: 35 | B36: Active ETF | C36: BlackRock ESG Multi-Asset Growth Portfolio UCITS ETF EUR (Acc) | D36: IE00BLLZQ805 | E36: iShares | F36: {=INDEX(Munka1!$A$2:$A$45, MATCH(1,COUNTIF(C36,"*"&Munka1!$A$2:$A$45&"*"),0), 1)} | G36: {=INDEX(Munka1!$B$2:$B$45, MATCH(1,COUNTIF(C36,"*"&Munka1!$B$2:$B$45&"*"),0), 1)} -> ESG | H36: MAGR | I36: MAGR.DE | J36: MAGR GY | L36: 0.0025 | M36: Accumulating | N36: Full Replication | O36: EUR | P36: EUR | Q36: 50000 EUR | R36: 0.03 | S36: 4IZTEUR=INAV | T36: INAVMAG1 | V36: www.ishares.com
A37: 36 | B37: Active ETF | C37: Lyxor Smart Overnight Return - UCITS ETF D-EUR | D37: LU2082999306 | E37: Amundi | F37: {=INDEX(Munka1!$A$2:$A$45, MATCH(1,COUNTIF(C37,"*"&Munka1!$A$2:$A$45&"*"),0), 1)} | G37: {=INDEX(Munka1!$B$2:$B$45, MATCH(1,COUNTIF(C37,"*"&Munka1!$B$2:$B$45&"*"),0), 1)} | H37: EGV2 | I37: EGV2.DE | J37: EGV2 GY | L37: 0.0005 | M37: Distributing | N37: Swap-based | O37: EUR | P37: EUR | Q37: 100000 EUR | R37: 0.015 | S37: ASWEEURINAV=SOLA | T37: CNAVEONI | V37: www.lyxoretf.de
A38: 37 | B38: Active ETF | C38: Saturna Al-Kawthar Global Focused Equity UCITS ETF - Acc | D38: IE00BMYMHS24 | E38: HANetf | F38: {=INDEX(Munka1!$A$2:$A$45, MATCH(1,COUNTIF(C38,"*"&Munka1!$A$2:$A$45&"*"),0), 1)} | G38: {=INDEX(Munka1!$B$2:$B$45, MATCH(1,COUNTIF(C38,"*"&Munka1!$B$2:$B$45&"*"),0), 1)} | H38: ASWE | I38: ASWE.DE | J38: ASWE GY | L38: 0.0075 | M38: Accumulating | N38: Full Replication | O38: USD | P38: EUR | Q38: 50000 EUR | R38: 0.05 | S38: FYEREURINAV=SOLA | T38: ASWEEUIV | V38: www.hanetf.com
A39: 38 | B39: Active ETF | C39: Fidelity Sustainable Research Enhanced Emerging Markets Equity UCITS ETF - Acc | D39: IE00BLRPN388 | E39: Fidelity ETF | F39: {=INDEX(Munka1!$A$2:$A$45, MATCH(1,COUNTIF(C39,"*"&Munka1!$A$2:$A$45&"*"),0), 1)} | G39: {=INDEX(Munka1!$B$2:$B$45, MATCH(1,COUNTIF(C39,"*"&Munka1!$B$2:$B$45&"*"),0), 1)} -> Emerging Markets | H39: FYER | I39: FYER DE | J39: FYER GY | L39: 0.005 | M39: Accumulating | N39: Optimised | O39: USD | P39: EUR | Q39: 100000 EUR | R39: 0.015 | S39: IV20AEUR | T39: FYEREUIV | V39: www.fidelity-etfs.com
A40: 39 | B40: Active ETF | C40: Vanguard LifeStrategy 20% Equity UCITS ETF (EUR) - Acc | D40: IE00BMVB5K07 | E40: Vanguard | F40: {=INDEX(Munka1!$A$2:$A$45, MATCH(1,COUNTIF(C40,"*"&Munka1!$A$2:$A$45&"*"),0), 1)} | G40: {=INDEX(Munka1!$B$2:$B$45, MATCH(1,COUNTIF(C40,"*"&Munka1!$B$2:$B$45&"*"),0), 1)} | H40: V20A | I40: V20A.DE | J40: V20A GY | L40: 0.0025 | M40: Accumulating | N40: Full Replication | O40: EUR | P40: EUR | Q40: 50000 EUR | R40: 0.03 | S40: IV20DEUR | V40: www.de.vanguard
A41: 40 | B41: Active ETF | C41: Vanguard LifeStrategy 20% Equity UCITS ETF (EUR) - Dist | D41: IE00BMVB5L14 | E41: Vanguard | F41: {=INDEX(Munka1!$A$2:$A$45, MATCH(1,COUNTIF(C41,"*"&Munka1!$A$2:$A$45&"*"),0), 1)} | G41: {=INDEX(Munka1!$B$2:$B$45, MATCH(1,COUNTIF(C41,"*"&Munka1!$B$2:$B$45&"*"),0), 1)} | H41: V20D | I41: V20D.de | J41: V20D GY | L41: 0.0025 | M41: Distributing | N41: Full Replication | O41: EUR | P41: EUR | Q41: 50000 EUR | R41: 0.03 | S41: IV40AEUR | V41: www.de.vanguard
A42: 41 | B42: Active ETF | C42: Vanguard LifeStrategy 40% Equity UCITS ETF (EUR) - Acc | D42: IE00BMVB5M21 | E42: Vanguard | F42: {=INDEX(Munka1!$A$2:$A$45, MATCH(1,COUNTIF(C42,"*"&Munka1!$A$2:$A$45&"*"),0), 1)} | G42: {=INDEX(Munka1!$B$2:$B$45, MATCH(1,COUNTIF(C42,"*"&Munka1!$B$2:$B$45&"*"),0), 1)} | H42: V40A | I42: V40A.DE | J42: V40A GY | L42: 0.0025 | M42: Accumulating | N42: Full Replication | O42: EUR | P42: EUR | Q42: 50000 EUR | R42: 0.03 | S42: IV40DEUR | V42: www.de.vanguard
A43: 42 | B43: Active ETF | C43: Vanguard LifeStrategy 40% Equity UCITS ETF (EUR) - Dist | D43: IE00BMVB5N38 | E43: Vanguard | F43: {=INDEX(Munka1!$A$2:$A$45, MATCH(1,COUNTIF(C43,"*"&Munka1!$A$2:$A$45&"*"),0), 1)} | G43: {=INDEX(Munka1!$B$2:$B$45, MATCH(1,COUNTIF(C43,"*"&Munka1!$B$2:$B$45&"*"),0), 1)} | H43: V40D | I43: V40D.DE | J43: V40D GY | L43: 0.0025 | M43: Distributing | N43: Full Replication | O43: EUR | P43: EUR | Q43: 50000 EUR | R43: 0.03 | S43: IV60AEUR | V43: www.de.vanguard
A44: 43 | B44: Active ETF | C44: Vanguard LifeStrategy 60% Equity UCITS ETF (EUR) - Acc | D44: IE00BMVB5P51 | E44: Vanguard | F44: {=INDEX(Munka1!$A$2:$A$45, MATCH(1,COUNTIF(C44,"*"&Munka1!$A$2:$A$45&"*"),0), 1)} | G44: {=INDEX(Munka1!$B$2:$B$45, MATCH(1,COUNTIF(C44,"*"&Munka1!$B$2:$B$45&"*"),0), 1)} | H44: V60A | I44: V60A.DE | J44: V60A GY | L44: 0.0025 | M44: Accumulating | N44: Full Replication | O44: EUR | P44: EUR | Q44: 50000 EUR | R44: 0.03 | S44: IV60DEUR | V44: www.de.vanguard
A45: 44 | B45: Active ETF | C45: Vanguard LifeStrategy 60% Equity UCITS ETF (EUR) - Dist | D45: IE00BMVB5Q68 | E45: Vanguard | F45: {=INDEX(Munka1!$A$2:$A$45, MATCH(1,COUNTIF(C45,"*"&Munka1!$A$2:$A$45&"*"),0), 1)} | G45: {=INDEX(Munka1!$B$2:$B$45, MATCH(1,COUNTIF(C45,"*"&Munka1!$B$2:$B$45&"*"),0), 1)} | H45: V60D | I45: V60D.DE | J45: V60D GY | L45: 0.0025 | M45: Distributing | N45: Full Replication | O45: EUR | P45: EUR | Q45: 50000 EUR | R45: 0.03 | S45: IV80AEUR | V45: www.de.vanguard
A46: 45 | B46: Active ETF | C46: Vanguard LifeStrategy 80% Equity UCITS ETF (EUR) - Acc | D46: IE00BMVB5R75 | E46: Vanguard | F46: {=INDEX(Munka1!$A$2:$A$45, MATCH(1,COUNTIF(C46,"*"&Munka1!$A$2:$A$45&"*"),0), 1)} | G46: {=INDEX(Munka1!$B$2:$B$45, MATCH(1,COUNTIF(C46,"*"&Munka1!$B$2:$B$45&"*"),0), 1)} | H46: V80A | I46: V80A.DE | J46: V80A GY | L46: 0.0025 | M46: Accumulating | N46: Full Replication | O46: EUR | P46: EUR | Q46: 50000 EUR | R46: 0.03 | S46: IV80DEUR | V46: www.de.vanguard
A47: 46 | B47: Active ETF | C47: Vanguard LifeStrategy 80% Equity UCITS ETF (EUR) - Dist | D47: IE00BMVB5S82 | E47: Vanguard | F47: {=INDEX(Munka1!$A$2:$A$45, MATCH(1,COUNTIF(C47,"*"&Munka1!$A$2:$A$45&"*"),0), 1)} | G47: {=INDEX(Munka1!$B$2:$B$45, MATCH(1,COUNTIF(C47,"*"&Munka1!$B$2:$B$45&"*"),0), 1)} | H47: V80D | I47: V80D.DE | J47: V80D GY | L47: 0.0025 | M47: Distributing | N47: Full Replication | O47: EUR | P47: EUR | Q47: 50000 EUR | R47: 0.03 | S47: FJPREEURINAV=SOLA | V47: www.de.vanguard
A48: 47 | B48: Active ETF | C48: Fidelity Sustainable Research Enhanced Japan Equity UCITS ETF | D48: IE00BNGFMX61 | E48: Fidelity ETF | F48: {=INDEX(Munka1!$A$2:$A$45, MATCH(1,COUNTIF(C48,"*"&Munka1!$A$2:$A$45&"*"),0), 1)} -> Japan | G48: {=INDEX(Munka1!$B$2:$B$45, MATCH(1,COUNTIF(C48,"*"&Munka1!$B$2:$B$45&"*"),0), 1)} | H48: FJPR | I48: FJPR.DE | J48: FJPR GY | L48: 0.003 | M48: Accumulating | N48: Optimised | O48: JPY | P48: EUR | Q48: 100000 EUR | R48: 0.015 | S48: FEPXEEURINAV=SOLA | T48: FJPREIV | V48: www.fidelity-etfs.com
A49: 48 | B49: Active ETF | C49: Fidelity Sustainable Research Enhanced Pacific ex-Japan Equity UCITS ETF | D49: IE00BNGFMY78 | E49: Fidelity ETF | F49: {=INDEX(Munka1!$A$2:$A$45, MATCH(1,COUNTIF(C49,"*"&Munka1!$A$2:$A$45&"*"),0), 1)} -> Japan | G49: {=INDEX(Munka1!$B$2:$B$45, MATCH(1,COUNTIF(C49,"*"&Munka1!$B$2:$B$45&"*"),0), 1)} | H49: FEPX | I49: FEPX.DE | J49: FEPX GY | L49: 0.003 | M49: Accumulating | N49: Optimised | O49: USD | P49: EUR | Q49: 100000 EUR | R49: 0.015 | S49: F4DEEURINAV=SOLA | T49: FEPXEIV | V49: www.fidelity-etfs.com
A50: 49 | B50: Active ETF | C50: Ossiam Food for Biodiversity UCITS ETF - 1A (EUR)0 | D50: IE00BN0YSK89 | E50: Ossiam | F50: {=INDEX(Munka1!$A$2:$A$45, MATCH(1,COUNTIF(C50,"*"&Munka1!$A$2:$A$45&"*"),0), 1)} | G50: {=INDEX(Munka1!$B$2:$B$45, MATCH(1,COUNTIF(C50,"*"&Munka1!$B$2:$B$45&"*"),0), 1)} | H50: F4DE | I50: F4DE.DE | J50: F4DE GY | L50: 0.0075 | M50: Accumulating | N50: Full Replication | O50: EUR | P50: EUR | Q50: 100000 EUR | R50: 0.01 | S50: F4DUUSDINAV=SOLA | T50: F4DEEUIV | V50: www.ossiam.com
A51: 50 | B51: Active ETF | C51: Ossiam Food for Biodiversity UCITS ETF - 1A (USD) | D51: IE00BN0YSJ74 | E51: Ossiam | F51: {=INDEX(Munka1!$A$2:$A$45, MATCH(1,COUNTIF(C51,"*"&Munka1!$A$2:$A$45&"*"),0), 1)} | G51: {=INDEX(Munka1!$B$2:$B$45, MATCH(1,COUNTIF(C51,"*"&Munka1!$B$2:$B$45&"*"),0), 1)} | H51: F4DU | I51: F4DU.DE | J51: F4DU GY | L51: 0.0075 | M51: Accumulating | N51: Full Replication | O51: USD | P51: USD | Q51: 100000 EUR | R51: 0.01 | S51: FSCMEURINAV=SOLA | T51: F4DUUSIV | V51: www.ossiam.com
A52: 51 | B52: Active ETF | C52: Fidelity Sustainable Global Corporate Bond Paris-Aligned Multifactor UCITS ETF | D52: IE00BM9GRM34 | E52: Fidelity ETF | F52: {=INDEX(Munka1!$A$2:$A$45, MATCH(1,COUNTIF(C52,"*"&Munka1!$A$2:$A$45&"*"),0), 1)} | G52: {=INDEX(Munka1!$B$2:$B$45, MATCH(1,COUNTIF(C52,"*"&Munka1!$B$2:$B$45&"*"),0), 1)} -> bond | H52: FSCM | I52: FSCM.DE | J52: FSCM GY | L52: 0.0025 | M52: Distributing | N52: Optimised | O52: USD | P52: EUR | Q52: 83800 EUR | R52: 0.015 | S52: FESDEURINAV=SOLA | T52: FSCMEUIV | V52: www.fidelity-etfs.com
A53: 52 | B53: Active ETF | C53: Fidelity Sustainable USD EM Bond UCITS ETF - Inc | D53: IE00BM9GRP64 | E53: Fidelity ETF | F53: {=INDEX(Munka1!$A$2:$A$45, MATCH(1,COUNTIF(C53,"*"&Munka1!$A$2:$A$45&"*"),0), 1)} | G53: {=INDEX(Munka1!$B$2:$B$45, MATCH(1,COUNTIF(C53,"*"&Munka1!$B$2:$B$45&"*"),0), 1)} -> bond | H53: FESD | I53: FESD.DE | J53: FESD GY | L53: 0.0045 | M53: Distributing | N53: Full Replication | O53: USD | P53: EUR | Q53: 83800 EUR | R53: 0.015 | S53: SESGEURINAV=SOLA | T53: FESDEUIV | V53: www.fidelity-etfs.com
A54: 53 | B54: Active ETF | C54: JPM Global Research Enhanced Index Equity (ESG) UCITS ETF - USD (dist) | D54: IE000HFXP0D2 | E54: J.P. Morgan ETF | F54: {=INDEX(Munka1!$A$2:$A$45, MATCH(1,COUNTIF(C54,"*"&Munka1!$A$2:$A$45&"*"),0), 1)} | G54: {=INDEX(Munka1!$B$2:$B$45, MATCH(1,COUNTIF(C54,"*"&Munka1!$B$2:$B$45&"*"),0), 1)} -> ESG | H54: JRGD | I54: JRGD.DE | J54: JRGD GY | L54: 0.0025 | M54: Distributing | N54: Full Replication | O54: USD | P54: EUR | Q54: 50000 EUR | R54: 0.015 | S54: JREDEUiv.P | T54: JRGDEUIV | V54: www.jpmorganassetmanagement.ie
A55: 54 | B55: Active ETF | C55: JPM Europe Research Enhanced Index Equity (ESG) UCITS ETF - EUR (dist) | D55: IE000WGK3YY5 | E55: J.P. Morgan ETF | F55: {=INDEX(Munka1!$A$2:$A$45, MATCH(1,COUNTIF(C55,"*"&Munka1!$A$2:$A$45&"*"),0), 1)} -> Europe | G55: {=INDEX(Munka1!$B$2:$B$45, MATCH(1,COUNTIF(C55,"*"&Munka1!$B$2:$B$45&"*"),0), 1)} -> ESG | H55: JRED | I55: JRED.DE | J55: JRED GY | L55: 0.0025 | M55: Distributing | N55: Full Replication | O55: EUR | P55: EUR | Q55: 50000 EUR | R55: 0.015 | T55: JREDEUIV | V55: www.jpmorganassetmanagement.ie
A56: 55 | B56: Active ETF | C56: VanEck Smart Home Active UCITS ETF | D56: IE000FN81QD2 | E56: VanEck | F56: {=INDEX(Munka1!$A$2:$A$45, MATCH(1,COUNTIF(C56,"*"&Munka1!$A$2:$A$45&"*"),0), 1)} | G56: {=INDEX(Munka1!$B$2:$B$45, MATCH(1,COUNTIF(C56,"*"&Munka1!$B$2:$B$45&"*"),0), 1)} | H56: VCAV | I56: VCAV.DE | J56: VCAV GY | L56: 0.0085 | M56: Accumulating | N56: Full Replication | O56: USD | P56: EUR | Q56: 50000 EUR | R56: 0.03 | S56: JRUEEUiv.P | T56: VCAVEUIV | V56: www.vaneck.com
A57: 56 | B57: Active ETF | C57: JPM USD Corporate Bond Research Enhanced Index (ESG) UCITS ETF | D57: IE0000J0F3C5 | E57: J.P. Morgan ETF | F57: {=INDEX(Munka1!$A$2:$A$45, MATCH(1,COUNTIF(C57,"*"&Munka1!$A$2:$A$45&"*"),0), 1)} | G57: {=INDEX(Munka1!$B$2:$B$45, MATCH(1,COUNTIF(C57,"*"&Munka1!$B$2:$B$45&"*"),0), 1)} -> ESG | H57: JRUE | I57: JRUE.DE | J57: JRUE GY | L57: 0.0019 | M57: Accumulating | N57: Full Replication | O57: EUR | P57: EUR | Q57: 50000 EUR | R57: 0.015 | S57: JRGEEUiv.P | T57: JRUEEUIV | V57: www.jpmorganassetmanagement.ie
A58: 57 | B58: Active ETF | C58: JPM Global Research Enhanced Index Equity (ESG) UCITS ETF - EUR Hedged (acc) | D58: IE0000UW95D6 | E58: J.P. Morgan ETF | F58: {=INDEX(Munka1!$A$2:$A$45, MATCH(1,COUNTIF(C58,"*"&Munka1!$A$2:$A$45&"*"),0), 1)} | G58: {=INDEX(Munka1!$B$2:$B$45, MATCH(1,COUNTIF(C58,"*"&Munka1!$B$2:$B$45&"*"),0), 1)} -> ESG | H58: JRGE | I58: JRGE.DE | J58: JRGE GY | L58: 0.0025 | M58: Accumulating | N58: Full Replication | O58: EUR | P58: EUR | Q58: 50000 EUR | R58: 0.015 | T58: JRGEEUIV | V58: www.jpmorganassetmanagement.ie
A59: 58 | B59: Active ETF | C59: Ossiam ESG Shiller Barclays CAPE Europe Sector UCITS ETF | D59: IE00080CTQA4 | E59: Ossiam | F59: {=INDEX(Munka1!$A$2:$A$45, MATCH(1,COUNTIF(C59,"*"&Munka1!$A$2:$A$45&"*"),0), 1)} -> Europe | G59: {=INDEX(Munka1!$B$2:$B$45, MATCH(1,COUNTIF(C59,"*"&Munka1!$B$2:$B$45&"*"),0), 1)} -> ESG | H59: 5HEU | I59: 5HEU.DE | J59: 5HEU GY | L59: 0.0075 | M59: Distributing | N59: Optimised | O59: USD | P59: EUR | Q59: 100000 EUR | R59: 0.01 | S59: JRECEUiv.P | T59: 5HEUEUIV | V59: www.ossiam.com
A60: 59 | B60: Active ETF | C60: JPM China A Research Enhanced Index Equity (ESG) UCITS ETF USD (acc) | D60: IE00BMDV7578 | E60: J.P. Morgan ETF | F60: {=INDEX(Munka1!$A$2:$A$45, MATCH(1,COUNTIF(C60,"*"&Munka1!$A$2:$A$45&"*"),0), 1)} -> China | G60: {=INDEX(Munka1!$B$2:$B$45, MATCH(1,COUNTIF(C60,"*"&Munka1!$B$2:$B$45&"*"),0), 1)} -> ESG | H60: JREC | I60: JREC.DE | J60: JREC GY | L60: 0.004 | M60: Accumulating | N60: Full Replication | O60: USD | P60: EUR | Q60: 50000 EUR | R60: 0.015 | S60: JRDCEUiv.P | T60: JRECEUIV | V60: www.jpmorganassetmanagement.ie
A61: 60 | B61: Active ETF | C61: JPM China A Research Enhanced Index Equity (ESG) UCITS ETF USD (dist) | D61: IE000DS9ZCL4 | E61: J.P. Morgan ETF | F61: {=INDEX(Munka1!$A$2:$A$45, MATCH(1,COUNTIF(C61,"*"&Munka1!$A$2:$A$45&"*"),0), 1)} -> China | G61: {=INDEX(Munka1!$B$2:$B$45, MATCH(1,COUNTIF(C61,"*"&Munka1!$B$2:$B$45&"*"),0), 1)} -> ESG | H61: JRDC | I61: JRDC.DE | J61: JRDC GY | L61: 0.004 | M61: Distributing | N61: Full Replication | O61: USD | P61: EUR | Q61: 50000 EUR | R61: 0.015 | S61: JREAEUIV | T61: JRDCEUIV | V61: www.jpmorganassetmanagement.ie
A62: 61 | B62: Active ETF | C62: JPM AC Asia Pacific ex Japan Research Enhanced Index Equity (ESG) UCITS ETF USD (acc) | D62: IE00BMDV7354 | E62: J.P. Morgan ETF | F62: {=INDEX(Munka1!$A$2:$A$45, MATCH(1,COUNTIF(C62,"*"&Munka1!$A$2:$A$45&"*"),0), 1)} -> Japan | G62: {=INDEX(Munka1!$B$2:$B$45, MATCH(1,COUNTIF(C62,"*"&Munka1!$B$2:$B$45&"*"),0), 1)} -> ESG | H62: JREA | I62: JREA.DE | J62: JREA GY | L62: 0.003 | M62: Accumulating | N62: Full Replication | O62: USD | P62: EUR | Q62: 50000 EUR | R62: 0.015 | T62: JREAEUIV | V62: www.jpmorganassetmanagement.ie
A63: 62 | B63: Active ETF | C63: First Trust Global Capital Strength ESG Leaders UCITS ETF | D63: IE00BKPSPT20 | E63: First Trust | F63: {=INDEX(Munka1!$A$2:$A$45, MATCH(1,COUNTIF(C63,"*"&Munka1!$A$2:$A$45&"*"),0), 1)} | G63: {=INDEX(Munka1!$B$2:$B$45, MATCH(1,COUNTIF(C63,"*"&Munka1!$B$2:$B$45&"*"),0), 1)} -> ESG | H63: FTGS | I63: FTGS.DE | J63: FTGS GY | L63: 0.0075 | M63: Accumulating | N63: Optimised | O63: USD | P63: EUR | Q63: 50000 EUR | R63: 0.05 | S63: JCSTEUiv.P | T63: FCSGINAV | V63: www.ftglobalportfolios.com/
A64: 63 | B64: Active ETF | C64: JPM RMB Ultra-Short Income UCITS ETF - USD (dist) | D64: IE00BMDV7461 | E64: J.P. Morgan ETF | F64: {=INDEX(Munka1!$A$2:$A$45, MATCH(1,COUNTIF(C64,"*"&Munka1!$A$2:$A$45&"*"),0), 1)} | G64: {=INDEX(Munka1!$B$2:$B$45, MATCH(1,COUNTIF(C64,"*"&Munka1!$B$2:$B$45&"*"),0), 1)} | H64: JCST | I64: JCST.DE | J64: JCST GY | L64: 0.0028 | M64: Distributing | N64: Full Replication | O64: USD | P64: EUR | Q64: 50000 EUR | R64: 0.015 | S64: JCSAEUiv.P | T64: JCSAEUiv.P | V64: www.jpmorganassetmanagement.ie
A65: 64 | B65: Active ETF | C65: JPM RMB Ultra-Short Income UCITS ETF - USD (acc) | D65: IE000RE0WX27 | E65: J.P. Morgan ETF | F65: {=INDEX(Munka1!$A$2:$A$45, MATCH(1,COUNTIF(C65,"*"&Munka1!$A$2:$A$45&"*"),0), 1)} | G65: {=INDEX(Munka1!$B$2:$B$45, MATCH(1,COUNTIF(C65,"*"&Munka1!$B$2:$B$45&"*"),0), 1)} | H65: JCSA | I65: JCSA.DE | J65: JCSA GY | L65: 0.0028 | M65: Accumulating | N65: Full Replication | O65: USD | P65: EUR | Q65: 50000 EUR | R65: 0.015 | S65: JREJEUiv.P | T65: JCSAEUIV | V65: www.jpmorganassetmanagement.ie
A66: 65 | B66: Active ETF | C66: JPM Japan Research Enhanced Index Equity (ESG) UCITS ETF USD (acc) | D66: IE00BP2NF958 | E66: J.P. Morgan ETF | F66: {=INDEX(Munka1!$A$2:$A$45, MATCH(1,COUNTIF(C66,"*"&Munka1!$A$2:$A$45&"*"),0), 1)} -> Japan | G66: {=INDEX(Munka1!$B$2:$B$45, MATCH(1,COUNTIF(C66,"*"&Munka1!$B$2:$B$45&"*"),0), 1)} -> ESG | H66: JREJ | I66: JREJ.DE | J66: JREJ GY | L66: 0.0025 | M66: Accumulating | N66: Full Replication | O66: USD | P66: EUR | Q66: 50000 EUR | R66: 0.015 | S66: JREIEUiv.P | T66: JREJEUIV | V66: www.jpmorganassetmanagement.ie
A67: 66 | B67: Active ETF | C67: JPM Japan Research Enhanced Index Equity (ESG) UCITS ETF USD (dist) | D67: IE00005YSIA4 | E67: J.P. Morgan ETF | F67: {=INDEX(Munka1!$A$2:$A$45, MATCH(1,COUNTIF(C67,"*"&Munka1!$A$2:$A$45&"*"),0), 1)} -> Japan | G67: {=INDEX(Munka1!$B$2:$B$45, MATCH(1,COUNTIF(C67,"*"&Munka1!$B$2:$B$45&"*"),0), 1)} -> ESG | H67: JREI | I67: JREI.DE | J67: JREI GY | L67: 0.0025 | M67: Distributing | N67: Full Replication | O67: USD | P67: EUR | Q67: 50000 EUR | R67: 0.015 | S67: JUHEEUiv.P | T67: JREIEUIV | V67: www.jpmorganassetmanagement.ie
A68: 67 | B68: Active ETF | C68: JPM US Research Enhanced Index Equity (ESG) UCITS ETF - EUR Hedged (acc)) | D68: IE000CN8T855 | E68: J.P. Morgan ETF | F68: {=INDEX(Munka1!$A$2:$A$45, MATCH(1,COUNTIF(C68,"*"&Munka1!$A$2:$A$45&"*"),0), 1)} | G68: {=INDEX(Munka1!$B$2:$B$45, MATCH(1,COUNTIF(C68,"*"&Munka1!$B$2:$B$45&"*"),0), 1)} -> ESG | H68: JUHE | I68: JUHE.DE | J68: JUHE GY | L68: 0.002 | M68: Accumulating | N68: Full Replication | O68: USD | P68: EUR | Q68: 50000 EUR | R68: 0.015 | S68: JREZEUiv.P | T68: JUHEEUIV | V68: www.jpmorganassetmanagement.ie
A69: 68 | B69: Active ETF | C69: JPM Eurozone Research Enhanced Index Equity (ESG) UCITS ETF - EUR (acc) | D69: IE00004PGEY9 | E69: J.P. Morgan ETF | F69: {=INDEX(Munka1!$A$2:$A$45, MATCH(1,COUNTIF(C69,"*"&Munka1!$A$2:$A$45&"*"),0), 1)} | G69: {=INDEX(Munka1!$B$2:$B$45, MATCH(1,COUNTIF(C69,"*"&Munka1!$B$2:$B$45&"*"),0), 1)} -> ESG | H69: JREZ | I69: JREZ.DE | J69: JREZ GY | L69: 0.0025 | M69: Accumulating | N69: Full Replication | O69: EUR | P69: EUR | Q69: 50000 EUR | R69: 0.015 | S69: JRZDEUiv.P | T69: JREZEUIV | V69: www.jpmorganassetmanagement.ie
A70: 69 | B70: Active ETF | C70: JPM Eurozone Research Enhanced Index Equity (ESG) UCITS ETF - EUR (dist) | D70: IE000783LRG9 | E70: J.P. Morgan ETF | F70: {=INDEX(Munka1!$A$2:$A$45, MATCH(1,COUNTIF(C70,"*"&Munka1!$A$2:$A$45&"*"),0), 1)} | G70: {=INDEX(Munka1!$B$2:$B$45, MATCH(1,COUNTIF(C70,"*"&Munka1!$B$2:$B$45&"*"),0), 1)} -> ESG | H70: JRZD | I70: JRZD.DE | J70: JRZD GY | L70: 0.0025 | M70: Distributing | N70: Full Replication | O70: EUR | P70: EUR | Q70: 50000 EUR | R70: 0.015 | S70: JJEHEUiv.P | T70: JRZDEUIV | V70: www.jpmorganassetmanagement.ie
A71: 70 | B71: Active ETF | C71: JPM Japan Research Enhanced Index Equity (ESG) UCITS ETF - EUR Hedged (acc) | D71: IE000QGWZZO0 | E71: J.P. Morgan ETF | F71: {=INDEX(Munka1!$A$2:$A$45, MATCH(1,COUNTIF(C71,"*"&Munka1!$A$2:$A$45&"*"),0), 1)} -> Japan | G71: {=INDEX(Munka1!$B$2:$B$45, MATCH(1,COUNTIF(C71,"*"&Munka1!$B$2:$B$45&"*"),0), 1)} -> ESG | H71: JJEH | I71: JJEH.DE | J71: JJEH GY | L71: 0.0025 | M71: Accumulating | N71: Full Replication | O71: EUR | P71: EUR | Q71: 50000 EUR | R71: 0.015 | S71: T3MPEUiv.P | T71: JJEHEUIV | V71: www.jpmorganassetmanagement.ie
A72: 71 | B72: Active ETF | C72: JPM Climate Change Solutions UCITS ETF - USD (acc) | D72: IE000O8S1EX4 | E72: J.P. Morgan ETF | F72: {=INDEX(Munka1!$A$2:$A$45, MATCH(1,COUNTIF(C72,"*"&Munka1!$A$2:$A$45&"*"),0), 1)} | G72: {=INDEX(Munka1!$B$2:$B$45, MATCH(1,COUNTIF(C72,"*"&Munka1!$B$2:$B$45&"*"),0), 1)} -> Climate | H72: T3MP | I72: T3MP.DE | J72: T3MP GY | L72: 0.0055 | M72: Accumulating | N72: Full Replication | O72: USD | P72: EUR | Q72: 50000 EUR | R72: 0.015 | S72: D9XMINAV.DE | T72: T3MPEUIV | V72: www.jpmorganassetmanagement.ie
A73: 72 | B73: Active ETF | C73: Invesco EUR Corporate Bond ESG Short Duration Multi-Factor UCITS ETF | D73: IE000PA766T7 | E73: Invesco | F73: {=INDEX(Munka1!$A$2:$A$45, MATCH(1,COUNTIF(C73,"*"&Munka1!$A$2:$A$45&"*"),0), 1)} | G73: {=INDEX(Munka1!$B$2:$B$45, MATCH(1,COUNTIF(C73,"*"&Munka1!$B$2:$B$45&"*"),0), 1)} -> ESG | H73: ECMS | I73: ECMS.DE | J73: ECMS GY | L73: 0.0015 | M73: Accumulating | N73: Full Replication | O73: EUR | P73: EUR | Q73: 100000 EUR | R73: 0.01 | S73: F9NJINAV.DE | T73: ECMSIN Index | V73: https://etf.invesco.com
A74: 73 | B74: Active ETF | C74: Invesco EUR Corporate Bond ESG Multi-Factor UCITS ETF | D74: IE0006LBEDV2 | E74: Invesco | F74: {=INDEX(Munka1!$A$2:$A$45, MATCH(1,COUNTIF(C74,"*"&Munka1!$A$2:$A$45&"*"),0), 1)} | G74: {=INDEX(Munka1!$B$2:$B$45, MATCH(1,COUNTIF(C74,"*"&Munka1!$B$2:$B$45&"*"),0), 1)} -> ESG | H74: ECMF | I74: ECMF.DE | J74: ECMF GY | L74: 0.0019 | M74: Distributing | N74: Full Replication | O74: EUR | P74: EUR | Q74: 100000 EUR | R74: 0.01 | S74: E1FBINAV.DE | T74: ECMFIN Index | V74: https://etf.invesco.com
A75: 74 | B75: Active ETF | C75: Invesco EUR Corporate Bond ESG Multi-Factor UCITS ETF | D75: IE00021E4FE3 | E75: Invesco | F75: {=INDEX(Munka1!$A$2:$A$45, MATCH(1,COUNTIF(C75,"*"&Munka1!$A$2:$A$45&"*"),0), 1)} | G75: {=INDEX(Munka1!$B$2:$B$45, MATCH(1,COUNTIF(C75,"*"&Munka1!$B$2:$B$45&"*"),0), 1)} -> ESG | H75: ECMA | I75: ECMA.DE | J75: ECMA GY | L75: 0.0019 | M75: Accumulating | N75: Full Replication | O75: EUR | P75: EUR | Q75: 100000 EUR | R75: 0.01 | T75: ECMAIN Index | V75: https://etf.invesco.com
A76: 75 | B76: Active ETF | C76: Invesco Quantitative Strategies Global Equity Low Volatility Low Carbon UCITS ETF acc | D76: IE000N42HDP2 | E76: Invesco | F76: {=INDEX(Munka1!$A$2:$A$45, MATCH(1,COUNTIF(C76,"*"&Munka1!$A$2:$A$45&"*"),0), 1)} | G76: {=INDEX(Munka1!$B$2:$B$45, MATCH(1,COUNTIF(C76,"*"&Munka1!$B$2:$B$45&"*"),0), 1)} | H76: LVLC | I76: LVLC.DE | J76: LVLC GY | L76: 0.0025 | M76: Accumulating | N76: Full Replication | O76: USD | P76: EUR | Q76: 100000 EUR | R76: 0.01 | S76: D4L3INAV.DE | T76: LVLCEIN Index | V76: https://etf.invesco.com
A77: 76 | B77: Active ETF | C77: Invesco Quantitative Strategies Global Equity Low Volatility Low Carbon UCITS ETF EUR PfHdg Acc | D77: IE000XIBT2R7 | E77: Invesco | F77: {=INDEX(Munka1!$A$2:$A$45, MATCH(1,COUNTIF(C77,"*"&Munka1!$A$2:$A$45&"*"),0), 1)} | G77: {=INDEX(Munka1!$B$2:$B$45, MATCH(1,COUNTIF(C77,"*"&Munka1!$B$2:$B$45&"*"),0), 1)} | H77: LVLE | I77: LVLE.DE | J77: LVLE GY | L77: 0.003 | M77: Accumulating | N77: Full Replication | O77: EUR | P77: EUR | Q77: 100000 EUR | R77: 0.01 | S77: D4L6INAV.DE | T77: LVLEIN Index | V77: https://etf.invesco.com
A78: 77 | B78: Active ETF | C78: AXA IM ACT Biodiversity Equity UCITS ETF USD Acc | D78: IE000SBHVL31 | E78: AXA | F78: {=INDEX(Munka1!$A$2:$A$45, MATCH(1,COUNTIF(C78,"*"&Munka1!$A$2:$A$45&"*"),0), 1)} | G78: {=INDEX(Munka1!$B$2:$B$45, MATCH(1,COUNTIF(C78,"*"&Munka1!$B$2:$B$45&"*"),0), 1)} | H78: ABIT | I78: ABIT.DE | J78: ABIT GY | L78: 0.007 | M78: Accumulating | N78: Full Replication | O78: USD | P78: EUR | Q78: 50000 EUR | R78: 0.02 | S78: I1AIINAV.DE | V78: https://www.axa-im.com/
A79: 78 | B79: Active ETF | C79: AXA IM ACT Biodiversity Equity UCITS ETF USD Acc | D79: IE000SBHVL31 | E79: AXA | F79: {=INDEX(Munka1!$A$2:$A$45, MATCH(1,COUNTIF(C79,"*"&Munka1!$A$2:$A$45&"*"),0), 1)} | G79: {=INDEX(Munka1!$B$2:$B$45, MATCH(1,COUNTIF(C79,"*"&Munka1!$B$2:$B$45&"*"),0), 1)} | H79: ABIU (USD) | I79: ABIU.DE (USD) | J79: ABIU GY (USD) | L79: 0.007 | M79: Accumulating | N79: Full Replication | O79: USD | P79: USD | Q79: 50000 EUR | R79: 0.02 | S79: I1AIINAV.DE | V79: https://www.axa-im.com/
A80: 79 | B80: Active ETF | C80: Invesco EUR Corporate Bond ESG Short Duration Multi-Factor UCITS ETF Dist | D80: IE000MUAJIF4 | E80: Invesco | F80: {=INDEX(Munka1!$A$2:$A$45, MATCH(1,COUNTIF(C80,"*"&Munka1!$A$2:$A$45&"*"),0), 1)} | G80: {=INDEX(Munka1!$B$2:$B$45, MATCH(1,COUNTIF(C80,"*"&Munka1!$B$2:$B$45&"*"),0), 1)} -> ESG | H80: ECMD | I80: ECMD.DE | J80: ECMD GY | L80: 0.0015 | M80: Distributing | N80: Full Replication | O80: EUR | P80: EUR | Q80: 100000 EUR | R80: 0.01 | S80: IYJ4INAV.DE | T80: ECMDIN | V80: https://etf.invesco.com
A81: 80 | B81: Active ETF | C81: Invesco Quantitative Strategies ESG Global Equity Multi-Factor UCITS ETF EUR PfHdg Dist | D81: IE0008YN55P8 | E81: Invesco | F81: {=INDEX(Munka1!$A$2:$A$45, MATCH(1,COUNTIF(C81,"*"&Munka1!$A$2:$A$45&"*"),0), 1)} | G81: {=INDEX(Munka1!$B$2:$B$45, MATCH(1,COUNTIF(C81,"*"&Munka1!$B$2:$B$45&"*"),0), 1)} -> ESG | H81: IQSD | I81: IQSD.DE | J81: IQSD GY | L81: 0.003 | M81: Distributing | N81: Full Replication | O81: EUR | P81: EUR | Q81: 100000 EUR | R81: 0.01 | S81: IYJ6INAV.DE | T81: IQSDIN | V81: https://etf.invesco.com
A82: 81 | B82: Active ETF | C82: AXA IM ACT Biodiversity Equity UCITS ETF EUR(H) Acc | D82: IE0003IT72N9 | E82: AXA | F82: {=INDEX(Munka1!$A$2:$A$45, MATCH(1,COUNTIF(C82,"*"&Munka1!$A$2:$A$45&"*"),0), 1)} | G82: {=INDEX(Munka1!$B$2:$B$45, MATCH(1,COUNTIF(C82,"*"&Munka1!$B$2:$B$45&"*"),0), 1)} | H82: ABIE | I82: ABIE.DE | J82: ABIE GY | L82: 0.007 | M82: Accumulating | N82: Full Replication | O82: EUR | P82: EUR | Q82: 50000 EUR | R82: 0.02 | S82: I1AKINAV.DE | T82: I1AKINAV | V82: https://www.axa-im.com/
A83: 82 | B83: Active ETF | C83: AXA IM ACT Climate Equity UCITS ETF USD Acc | D83: IE000Z8BHG02 | E83: AXA | F83: {=INDEX(Munka1!$A$2:$A$45, MATCH(1,COUNTIF(C83,"*"&Munka1!$A$2:$A$45&"*"),0), 1)} | G83: {=INDEX(Munka1!$B$2:$B$45, MATCH(1,COUNTIF(C83,"*"&Munka1!$B$2:$B$45&"*"),0), 1)} -> Climate | H83: ACLT | I83: ACLT.DE | J83: ACLT GY | L83: 0.007 | M83: Accumulating | N83: Full Replication | O83: USD | P83: EUR | Q83: 50000 EUR | R83: 0.02 | S83: IYXYINAV.DE | V83: https://www.axa-im.com/
A84: 83 | B84: Active ETF | C84: AXA IM ACT Climate Equity UCITS ETF USD Acc | D84: IE000Z8BHG02 | E84: AXA | F84: {=INDEX(Munka1!$A$2:$A$45, MATCH(1,COUNTIF(C84,"*"&Munka1!$A$2:$A$45&"*"),0), 1)} | G84: {=INDEX(Munka1!$B$2:$B$45, MATCH(1,COUNTIF(C84,"*"&Munka1!$B$2:$B$45&"*"),0), 1)} -> Climate | H84: ACLU (USD) | I84: ACLU.DE (USD) | J84: ACLU GY (USD) | L84: 0.007 | M84: Accumulating | N84: Full Replication | O84: USD | P84: USD | Q84: 50000 EUR | R84: 0.02 | S84: IYXYINAV.DE | V84: https://www.axa-im.com/
A85: 84 | B85: Active ETF | C85: AXA IM ACT Climate Equity UCITS ETF EUR(H) Acc | D85: IE000E66LX20 | E85: AXA | F85: {=INDEX(Munka1!$A$2:$A$45, MATCH(1,COUNTIF(C85,"*"&Munka1!$A$2:$A$45&"*"),0), 1)} | G85: {=INDEX(Munka1!$B$2:$B$45, MATCH(1,COUNTIF(C85,"*"&Munka1!$B$2:$B$45&"*"),0), 1)} -> Climate | H85: ACLE | I85: ACLE.DE | J85: ACLE GY | L85: 0.007 | M85: Accumulating | N85: Full Replication | O85: EUR | P85: EUR | Q85: 50000 EUR | R85: 0.02 | T85: IYXZINAV.DE | V85: https://www.axa-im.com/
A86: 85 | B86: Active ETF | C86: Fidelity Sustainable Global Corporate Bond Paris-Aligned Multifactor UCITS ETF - EUR Hedged Acc | D86: IE0006QCIHM0 | E86: Fidelity ETF | F86: {=INDEX(Munka1!$A$2:$A$45, MATCH(1,COUNTIF(C86,"*"&Munka1!$A$2:$A$45&"*"),0), 1)} | G86: {=INDEX(Munka1!$B$2:$B$45, MATCH(1,COUNTIF(C86,"*"&Munka1!$B$2:$B$45&"*"),0), 1)} -> bond | H86: FSCE | I86: FSCE.DE | J86: FSCE GY | L86: 0.003 | M86: Accumulating | N86: Full Replication | O86: USD | P86: EUR | Q86: 100000 EUR | R86: 0.015 | S86: FSCEEURINAV=SOLA | T86: FSCEEUIV | V86: www.fidelity-etfs.com
A87: 86 | B87: Active ETF | C87: Fidelity Sustainable Global High Yield Bond Paris-Aligned Multifactor UCITS ETF | D87: IE0006OIQXE9 | E87: Fidelity ETF | F87: {=INDEX(Munka1!$A$2:$A$45, MATCH(1,COUNTIF(C87,"*"&Munka1!$A$2:$A$45&"*"),0), 1)} | G87: {=INDEX(Munka1!$B$2:$B$45, MATCH(1,COUNTIF(C87,"*"&Munka1!$B$2:$B$45&"*"),0), 1)} -> bond | H87: FFGH | I87: FFGH.DE | J87: FFGH GY | L87: 0.0035 | M87: Distributing | N87: Full Replication | O87: USD | P87: EUR | Q87: 100000 EUR | R87: 0.015 | S87: FFGHEURINAV=SOLA | T87: FFGHEUIV | V87: www.fidelity-etfs.com
A88: 87 | B88: Active ETF | C88: Xtrackers Portfolio UCITS ETF 1C | D88: LU0397221945 | E88: Xtrackers | F88: {=INDEX(Munka1!$A$2:$A$45, MATCH(1,COUNTIF(C88,"*"&Munka1!$A$2:$A$45&"*"),0), 1)} | G88: {=INDEX(Munka1!$B$2:$B$45, MATCH(1,COUNTIF(C88,"*"&Munka1!$B$2:$B$45&"*"),0), 1)} | H88: DBX0 | I88: XQUI.DE | J88: XQUI GY | L88: 0.007 | M88: Accumulating | N88: Full Replication | O88: EUR | P88: EUR | Q88: 50000 EUR | R88: 0.03 | S88: XQUIINAV.DE | T88: XQUIINAV | V88: www.etf.dws.com
A89: 88 | B89: Active ETF | C89: Fidelity Sustainable Global High Yield Bond Paris-Aligned Multifactor UCITS ETF EUR Hedged Inc | D89: IE0006KNOFD1 | E89: Fidelity ETF | F89: {=INDEX(Munka1!$A$2:$A$45, MATCH(1,COUNTIF(C89,"*"&Munka1!$A$2:$A$45&"*"),0), 1)} | G89: {=INDEX(Munka1!$B$2:$B$45, MATCH(1,COUNTIF(C89,"*"&Munka1!$B$2:$B$45&"*"),0), 1)} -> bond | H89: FFGE | I89: FFGE.DE | J89: FFGE GY | L89: 0.004 | M89: Distributing | N89: Full Replication | O89: EUR | P89: EUR | Q89: 100000 EUR | R89: 0.015 | S89: FFGEEURINAV=SOLA | T89: FFGEEUIV | V89: www.fidelity-etfs.com
A90: 89 | B90: Active ETF | C90: abrdn Global Real Estate Active Thematics UCITS ETF | D90: IE000GGQK173 | E90: abrdn III ICAV | F90: {=INDEX(Munka1!$A$2:$A$45, MATCH(1,COUNTIF(C90,"*"&Munka1!$A$2:$A$45&"*"),0), 1)} | G90: {=INDEX(Munka1!$B$2:$B$45, MATCH(1,COUNTIF(C90,"*"&Munka1!$B$2:$B$45&"*"),0), 1)} | H90: R8T | I90: R8TD.DE | J90: R8T GY | L90: 0.004 | M90: Accumulating | N90: Full Replication | O90: USD | P90: EUR | Q90: 50000 EUR | R90: 0.03 | S90: R8TDEURINAV=SOLA | T90: R8TDEUIV | V90: https://www.abrdn.com
A91: 90 | B91: Active ETF | C91: abrdn Global Real Estate Active Thematics UCITS ETF | D91: IE000GGQK173 | E91: abrdn III ICAV | F91: {=INDEX(Munka1!$A$2:$A$45, MATCH(1,COUNTIF(C91,"*"&Munka1!$A$2:$A$45&"*"),0), 1)} | G91: {=INDEX(Munka1!$B$2:$B$45, MATCH(1,COUNTIF(C91,"*"&Munka1!$B$2:$B$45&"*"),0), 1)} | H91: R8TA | I91: R8TUSD.DE | J91: R8TA GY | L91: 0.004 | M91: Accumulating | N91: Full Replication | O91: USD | P91: USD | Q91: 50000 EUR | R91: 0.03 | S91: R8TD.DE | V91: https://www.abrdn.com
A92: 91 | B92: Active ETF | C92: JPM Green Social Sustainable Bond UCITS ETF - USD (acc) | D92: IE0005FKEK99 | E92: J.P. Morgan ETF | F92: {=INDEX(Munka1!$A$2:$A$45, MATCH(1,COUNTIF(C92,"*"&Munka1!$A$2:$A$45&"*"),0), 1)} | G92: {=INDEX(Munka1!$B$2:$B$45, MATCH(1,COUNTIF(C92,"*"&Munka1!$B$2:$B$45&"*"),0), 1)} -> bond | H92: JGNR | I92: JGNR.DE | J92: JGNR GY | L92: 0.0032 | M92: Accumulating | N92: Full Replication | O92: USD | P92: EUR | Q92: 50000 EUR | R92: 0.015 | S92: JGRNEUiv.P | T92: JGRNEUIV | V92: www.jpmorganassetmanagement.ie
A93: 92 | B93: Active ETF | C93: JPM Green Social Sustainable Bond UCITS ETF - EUR Hedged (acc) | D93: IE000FBG59J1 | E93: J.P. Morgan ETF | F93: {=INDEX(Munka1!$A$2:$A$45, MATCH(1,COUNTIF(C93,"*"&Munka1!$A$2:$A$45&"*"),0), 1)} | G93: {=INDEX(Munka1!$B$2:$B$45, MATCH(1,COUNTIF(C93,"*"&Munka1!$B$2:$B$45&"*"),0), 1)} -> bond | H93: JGNE | I93: JGNE.DE | J93: JGNE GY | L93: 0.0032 | M93: Accumulating | N93: Full Replication | O93: EUR | P93: EUR | Q93: 50000 EUR | R93: 0.015 | S93: JEGNEUiv.P | T93: JEGNEUIV | V93: www.jpmorganassetmanagement.ie
A94: 1 | B94: ETC | C94: WisdomTree Aluminium | D94: GB00B15KXN58 | E94: WisdomTree | F94: {=INDEX(Munka1!$A$2:$A$45, MATCH(1,COUNTIF(C94,"*"&Munka1!$A$2:$A$45&"*"),0), 1)} | G94: {=INDEX(Munka1!$B$2:$B$45, MATCH(1,COUNTIF(C94,"*"&Munka1!$B$2:$B$45&"*"),0), 1)} | H94: OD7A | I94: ALUM.DE | J94: OD7A GY | K94: 0.0049 | L94: 0.0049 | O94: USD | P94: EUR | Q94: 100000 EUR | R94: 0.05 | S94: OD7SINAV=IHSM | U94: Bloomberg Aluminum Subindex | V94: www.wisdomtree.eu/home
A95: 2 | B95: ETC | C95: WisdomTree Wheat | D95: GB00B15KY765 | E95: WisdomTree | F95: {=INDEX(Munka1!$A$2:$A$45, MATCH(1,COUNTIF(C95,"*"&Munka1!$A$2:$A$45&"*"),0), 1)} | G95: {=INDEX(Munka1!$B$2:$B$45, MATCH(1,COUNTIF(C95,"*"&Munka1!$B$2:$B$45&"*"),0), 1)} | H95: OD7S | I95: WEAT.DE | J95: OD7S GY | K95: 0.0049 | L95: 0.0049 | O95: USD | P95: EUR | Q95: 50000 EUR | R95: 0.075 | S95: OD7SINAV=IHSM | U95: Bloomberg Wheat Subindex | V95: www.wisdomtree.eu/home
A96: 3 | B96: ETC | C96: WisdomTree Sugar | D96: GB00B15KY658 | E96: WisdomTree | F96: {=INDEX(Munka1!$A$2:$A$45, MATCH(1,COUNTIF(C96,"*"&Munka1!$A$2:$A$45&"*"),0), 1)} | G96: {=INDEX(Munka1!$B$2:$B$45, MATCH(1,COUNTIF(C96,"*"&Munka1!$B$2:$B$45&"*"),0), 1)} | H96: OD7R | I96: SUGA.DE | J96: OD7R GY | K96: 0.0049 | L96: 0.0049 | O96: USD | P96: EUR | Q96: 50000 EUR | R96: 0.05 | U96: Bloomberg Sugar Subindex | V96: www.wisdomtree.eu/home
A97: 4 | B97: ETC | C97: WisdomTree Soybeans | D97: GB00B15KY542 | E97: WisdomTree | F97: {=INDEX(Munka1!$A$2:$A$45, MATCH(1,COUNTIF(C97,"*"&Munka1!$A$2:$A$45&"*"),0), 1)} | G97: {=INDEX(Munka1!$B$2:$B$45, MATCH(1,COUNTIF(C97,"*"&Munka1!$B$2:$B$45&"*"),0), 1)} | H97: OD7Q | I97: SOYB.DE | J97: OD7Q GY | K97: 0.0049 | L97: 0.0049 | O97: USD | P97: EUR | Q97: 150000 EUR | R97: 0.075 | U97: Bloomberg Soybeans Subindex | V97: www.wisdomtree.eu/home
A98: 5 | B98: ETC | C98: WisdomTree Soybean Oil | D98: GB00B15KY435 | E98: WisdomTree | F98: {=INDEX(Munka1!$A$2:$A$45, MATCH(1,COUNTIF(C98,"*"&Munka1!$A$2:$A$45&"*"),0), 1)} | G98: {=INDEX(Munka1!$B$2:$B$45, MATCH(1,COUNTIF(C98,"*"&Munka1!$B$2:$B$45&"*"),0), 1)} | H98: OD7P | I98: SOYO.DE | J98: OD7P GY | K98: 0.0049 | L98: 0.0049 | O98: USD | P98: EUR | Q98: 150000 EUR | R98: 0.075 | S98: OD7VINAV=IHSM | U98: Bloomberg Soybean Oil Subindex | V98: www.wisdomtree.eu/home
A99: 6 | B99: ETC | C99: WisdomTree Broad Commodities | D99: GB00B15KY989 | E99: WisdomTree | F99: {=INDEX(Munka1!$A$2:$A$45, MATCH(1,COUNTIF(C99,"*"&Munka1!$A$2:$A$45&"*"),0), 1)} | G99: {=INDEX(Munka1!$B$2:$B$45, MATCH(1,COUNTIF(C99,"*"&Munka1!$B$2:$B$45&"*"),0), 1)} | H99: OD7V | I99: AIGC.DE | J99: OD7V GY | K99: 0.0049 | L99: 0.0049 | O99: USD | P99: EUR | Q99: 150000 EUR | R99: 0.015 | S99: OD7VINAV=IHSM | U99: Bloomberg Commodity Index | V99: www.wisdomtree.eu/home
A100: 7 | B100: ETC | C100: WisdomTree Coffee | D100: GB00B15KXP72 | E100: WisdomTree | F100: {=INDEX(Munka1!$A$2:$A$45, MATCH(1,COUNTIF(C100,"*"&Munka1!$A$2:$A$45&"*"),0), 1)} | G100: {=INDEX(Munka1!$B$2:$B$45, MATCH(1,COUNTIF(C100,"*"&Munka1!$B$2:$B$45&"*"),0), 1)} | H100: OD7B | I100: COFF.DE | J100: OD7B GY | K100: 0.0049 | L100: 0.0049 | O100: USD | P100: EUR | Q100: 50000 EUR | R100: 0.05 | S100: OD7NINAV=IHSM | U100: Bloomberg Coffee Subindex | V100: www.wisdomtree.eu/home
A101: 8 | B101: ETC | C101: WisdomTree Silver | D101: GB00B15KY328 | E101: WisdomTree | F101: {=INDEX(Munka1!$A$2:$A$45, MATCH(1,COUNTIF(C101,"*"&Munka1!$A$2:$A$45&"*"),0), 1)} | G101: {=INDEX(Munka1!$B$2:$B$45, MATCH(1,COUNTIF(C101,"*"&Munka1!$B$2:$B$45&"*"),0), 1)} | H101: OD7N | I101: SLVR.DE | J101: OD7N GY | K101: 0.0049 | L101: 0.0049 | O101: USD | P101: EUR | Q101: 100000 EUR | R101: 0.015 | S101: OD7NINAV=IHSM | U101: Bloomberg Silver Subindex | V101: www.wisdomtree.eu/home
A102: 9 | B102: ETC | C102: WisdomTree Agriculture | D102: GB00B15KYH63 | E102: WisdomTree | F102: {=INDEX(Munka1!$A$2:$A$45, MATCH(1,COUNTIF(C102,"*"&Munka1!$A$2:$A$45&"*"),0), 1)} | G102: {=INDEX(Munka1!$B$2:$B$45, MATCH(1,COUNTIF(C102,"*"&Munka1!$B$2:$B$45&"*"),0), 1)} | H102: OD7U | I102: AIGA.DE | J102: OD7U GY | K102: 0.0049 | L102: 0.0049 | O102: USD | P102: EUR | Q102: 100000 EUR | R102: 0.075 | S102: OD7UINAV=IHSM | U102: Bloomberg Agriculture Subindex | V102: www.wisdomtree.eu/home
A103: 10 | B103: ETC | C103: WisdomTree Softs | D103: GB00B15KYJ87 | E103: WisdomTree | F103: {=INDEX(Munka1!$A$2:$A$45, MATCH(1,COUNTIF(C103,"*"&Munka1!$A$2:$A$45&"*"),0), 1)} | G103: {=INDEX(Munka1!$B$2:$B$45, MATCH(1,COUNTIF(C103,"*"&Munka1!$B$2:$B$45&"*"),0), 1)} | H103: OD74 | I103: AIGS.DE | J103: OD74 GY | K103: 0.0049 | L103: 0.0049 | O103: USD | P103: EUR | Q103: 100000 EUR | R103: 0.075 | S103: OD73INAV=IHSM | U103: Bloomberg Softs Subindex | V103: www.wisdomtree.eu/home
A104: 11 | B104: ETC | C104: WisdomTree Precious Metals | D104: GB00B15KYF40 | E104: WisdomTree | F104: {=INDEX(Munka1!$A$2:$A$45, MATCH(1,COUNTIF(C104,"*"&Munka1!$A$2:$A$45&"*"),0), 1)} | G104: {=INDEX(Munka1!$B$2:$B$45, MATCH(1,COUNTIF(C104,"*"&Munka1!$B$2:$B$45&"*"),0), 1)} | H104: OD73 | I104: AIGP.DE | J104: OD73 GY | K104: 0.0049 | L104: 0.0049 | O104: USD | P104: EUR | Q104: 150000 EUR | R104: 0.05 | S104: DFEPEURINAV=IHSM | U104: Bloomberg Precious Metals Subindex | V104: www.wisdomtree.eu/home
A105: 12 | B105: ETC | C105: WisdomTree Petroleum | D105: GB00B15KYC19 | E105: WisdomTree | F105: {=INDEX(Munka1!$A$2:$A$45, MATCH(1,COUNTIF(C105,"*"&Munka1!$A$2:$A$45&"*"),0), 1)} | G105: {=INDEX(Munka1!$B$2:$B$45, MATCH(1,COUNTIF(C105,"*"&Munka1!$B$2:$B$45&"*"),0), 1)} | H105: OD72 | I105: AIGO.DE | J105: OD72 GY | K105: 0.0049 | L105: 0.0049 | O105: USD | P105: EUR | Q105: 100000 EUR | R105: 0.05 | U105: Bloomberg Petroleum Subindex | V105: www.wisdomtree.eu/home
A106: 13 | B106: ETC | C106: WisdomTree Industrial Metals | D106: GB00B15KYG56 | E106: WisdomTree | F106: {=INDEX(Munka1!$A$2:$A$45, MATCH(1,COUNTIF(C106,"*"&Munka1!$A$2:$A$45&"*"),0), 1)} | G106: {=INDEX(Munka1!$B$2:$B$45, MATCH(1,COUNTIF(C106,"*"&Munka1!$B$2:$B$45&"*"),0), 1)} | H106: OD7Z | I106: AIGI.DE | J106: OD7Z GY | K106: 0.0049 | L106: 0.0049 | O106: USD | P106: EUR | Q106: 150000 EUR | R106: 0.05 | U106: Bloomberg Industrial Metals Subindex | V106: www.wisdomtree.eu/home
A107: 14 | B107: ETC | C107: WisdomTree Grains | D107: GB00B15KYL00 | E107: WisdomTree | F107: {=INDEX(Munka1!$A$2:$A$45, MATCH(1,COUNTIF(C107,"*"&Munka1!$A$2:$A$45&"*"),0), 1)} | G107: {=INDEX(Munka1!$B$2:$B$45, MATCH(1,COUNTIF(C107,"*"&Munka1!$B$2:$B$45&"*"),0), 1)} | H107: OD7Y | I107: AIGR.DE | J107: OD7Y GY | K107: 0.0049 | L107: 0.0049 | O107: USD | P107: EUR | Q107: 150000 EUR | R107: 0.075 | U107: Bloomberg Grains Subindex | V107: www.wisdomtree.eu/home
A108: 15 | B108: ETC | C108: WisdomTree Zinc | D108: GB00B15KY872 | E108: WisdomTree | F108: {=INDEX(Munka1!$A$2:$A$45, MATCH(1,COUNTIF(C108,"*"&Munka1!$A$2:$A$45&"*"),0), 1)} | G108: {=INDEX(Munka1!$B$2:$B$45, MATCH(1,COUNTIF(C108,"*"&Munka1!$B$2:$B$45&"*"),0), 1)} | H108: OD7T | I108: ZINC.DE | J108: OD7T GY | K108: 0.0049 | L108: 0.0049 | O108: USD | P108: EUR | Q108: 200000 EUR | R108: 0.05 | U108: Bloomberg Zinc Subindex | V108: www.wisdomtree.eu/home
A109: 16 | B109: ETC | C109: WisdomTree Lean Hogs | D109: GB00B15KXZ70 | E109: WisdomTree | F109: {=INDEX(Munka1!$A$2:$A$45, MATCH(1,COUNTIF(C109,"*"&Munka1!$A$2:$A$45&"*"),0), 1)} | G109: {=INDEX(Munka1!$B$2:$B$45, MATCH(1,COUNTIF(C109,"*"&Munka1!$B$2:$B$45&"*"),0), 1)} | H109: OD7J | I109: HOGS.DE | J109: OD7J GY | K109: 0.0049 | L109: 0.0049 | O109: USD | P109: EUR | Q109: 50000 EUR | R109: 0.05 | S109: OD7CINAV=IHSM | U109: Bloomberg Lean Hogs Subindex | V109: www.wisdomtree.eu/home
A110: 17 | B110: ETC | C110: WisdomTree Copper | D110: GB00B15KXQ89 | E110: WisdomTree | F110: {=INDEX(Munka1!$A$2:$A$45, MATCH(1,COUNTIF(C110,"*"&Munka1!$A$2:$A$45&"*"),0), 1)} | G110: {=INDEX(Munka1!$B$2:$B$45, MATCH(1,COUNTIF(C110,"*"&Munka1!$B$2:$B$45&"*"),0), 1)} | H110: OD7C | I110: COPA.DE | J110: OD7C GY | K110: 0.0049 | L110: 0.0049 | O110: USD | P110: EUR | Q110: 100000 EUR | R110: 0.05 | S110: OD7CINAV=IHSM | U110: Bloomberg Copper Subindex | V110: www.wisdomtree.eu/home
A111: 18 | B111: ETC | C111: WisdomTree Nickel | D111: GB00B15KY211 | E111: WisdomTree | F111: {=INDEX(Munka1!$A$2:$A$45, MATCH(1,COUNTIF(C111,"*"&Munka1!$A$2:$A$45&"*"),0), 1)} | G111: {=INDEX(Munka1!$B$2:$B$45, MATCH(1,COUNTIF(C111,"*"&Munka1!$B$2:$B$45&"*"),0), 1)} | H111: OD7M | I111: NICK.DE | J111: OD7M GY | K111: 0.0049 | L111: 0.0049 | O111: USD | P111: EUR | Q111: 150000 EUR | R111: 0.05 | S111: OD7HINAV=IHSM | U111: Bloomberg Nickel Subindex | V111: www.wisdomtree.eu/home
A112: 19 | B112: ETC | C112: WisdomTree Gold | D112: GB00B15KXX56 | E112: WisdomTree | F112: {=INDEX(Munka1!$A$2:$A$45, MATCH(1,COUNTIF(C112,"*"&Munka1!$A$2:$A$45&"*"),0), 1)} | G112: {=INDEX(Munka1!$B$2:$B$45, MATCH(1,COUNTIF(C112,"*"&Munka1!$B$2:$B$45&"*"),0), 1)} | H112: OD7H | I112: BULL.DE | J112: OD7H GY | K112: 0.0049 | L112: 0.0049 | O112: USD | P112: EUR | Q112: 150000 EUR | R112: 0.025 | S112: OD7HINAV=IHSM | U112: Bloomberg Gold Subindex | V112: www.wisdomtree.eu/home
A113: 20 | B113: ETC | C113: WisdomTree Gasoline | D113: GB00B15KXW40 | E113: WisdomTree | F113: {=INDEX(Munka1!$A$2:$A$45, MATCH(1,COUNTIF(C113,"*"&Munka1!$A$2:$A$45&"*"),0), 1)} | G113: {=INDEX(Munka1!$B$2:$B$45, MATCH(1,COUNTIF(C113,"*"&Munka1!$B$2:$B$45&"*"),0), 1)} | H113: OD7G | I113: UGAS.DE | J113: OD7G GY | K113: 0.0049 | L113: 0.0049 | O113: USD | P113: EUR | Q113: 100000 EUR | R113: 0.05 | S113: OD7FINAV=IHSM | U113: Bloomberg Unleaded Gasoline Subindex | V113: www.wisdomtree.eu/home
A114: 21 | B114: ETC | C114: WisdomTree WTI Crude Oil | D114: GB00B15KXV33 | E114: WisdomTree | F114: {=INDEX(Munka1!$A$2:$A$45, MATCH(1,COUNTIF(C114,"*"&Munka1!$A$2:$A$45&"*"),0), 1)} | G114: {=INDEX(Munka1!$B$2:$B$45, MATCH(1,COUNTIF(C114,"*"&Munka1!$B$2:$B$45&"*"),0), 1)} | H114: OD7F | I114: CRUD.DE | J114: OD7F GY | K114: 0.0049 | L114: 0.0049 | O114: USD | P114: EUR | Q114: 50000 EUR | R114: 0.05 | S114: OD7FINAV=IHSM | U114: Bloomberg WTI Crude Oil Subindex | V114: www.wisdomtree.eu/home
A115: 22 | B115: ETC | C115: WisdomTree Cotton | D115: GB00B15KXT11 | E115: WisdomTree | F115: {=INDEX(Munka1!$A$2:$A$45, MATCH(1,COUNTIF(C115,"*"&Munka1!$A$2:$A$45&"*"),0), 1)} | G115: {=INDEX(Munka1!$B$2:$B$45, MATCH(1,COUNTIF(C115,"*"&Munka1!$B$2:$B$45&"*"),0), 1)} | H115: OD7E | I115: COTN.DE | J115: OD7E GY | K115: 0.0049 | L115: 0.0049 | O115: USD | P115: EUR | Q115: 150000 EUR | R115: 0.075 | U115: Bloomberg Cotton Subindex | V115: www.wisdomtree.eu/home
A116: 23 | B116: ETC | C116: WisdomTree Corn | D116: GB00B15KXS04 | E116: WisdomTree | F116: {=INDEX(Munka1!$A$2:$A$45, MATCH(1,COUNTIF(C116,"*"&Munka1!$A$2:$A$45&"*"),0), 1)} | G116: {=INDEX(Munka1!$B$2:$B$45, MATCH(1,COUNTIF(C116,"*"&Munka1!$B$2:$B$45&"*"),0), 1)} | H116: OD7D | I116: CORN.DE | J116: OD7D GY | K116: 0.0049 | L116: 0.0049 | O116: USD | P116: EUR | Q116: 100000 EUR | R116: 0.075 | U116: Bloomberg Corn Subindex | V116: www.wisdomtree.eu/home
A117: 24 | B117: ETC | C117: WisdomTree Energy | D117: GB00B15KYB02 | E117: WisdomTree | F117: {=INDEX(Munka1!$A$2:$A$45, MATCH(1,COUNTIF(C117,"*"&Munka1!$A$2:$A$45&"*"),0), 1)} | G117: {=INDEX(Munka1!$B$2:$B$45, MATCH(1,COUNTIF(C117,"*"&Munka1!$B$2:$B$45&"*"),0), 1)} | H117: OD7W | I117: AIGE.DE | J117: OD7W GY | K117: 0.0049 | L117: 0.0049 | O117: USD | P117: EUR | Q117: 50000 EUR | R117: 0.05 | U117: Bloomberg Energy Subindex | V117: www.wisdomtree.eu/home
A118: 25 | B118: ETC | C118: WisdomTree Live Cattle | D118: GB00B15KY096 | E118: WisdomTree | F118: {=INDEX(Munka1!$A$2:$A$45, MATCH(1,COUNTIF(C118,"*"&Munka1!$A$2:$A$45&"*"),0), 1)} | G118: {=INDEX(Munka1!$B$2:$B$45, MATCH(1,COUNTIF(C118,"*"&Munka1!$B$2:$B$45&"*"),0), 1)} | H118: OD7K | I118: CATL.DE | J118: OD7K GY | K118: 0.0049 | L118: 0.0049 | O118: USD | P118: EUR | Q118: 100000 EUR | R118: 0.05 | U118: Bloomberg Live Cattle Subindex | V118: www.wisdomtree.eu/home
...

Sheet Munka1
A1: ország | B1: téma
A2: Europe | B2: ESG
A3: China | B3: Robotika
A4: India | B4: Nasdaq
A5: Usa | B5: bond
A6: world | B6: Climate
A7: Japan | B7: Economy
A8: Mexico | B8: Blockchain
A9: Australia | B9: Energiy
A10: Africa | B10: Government
A11: France | B11: Emerging Markets
A12: Poland | B12: Universal Select
... A15: Saud Arabia | B15: Industrials
B16: Information Technology
B17: Multi-Asset
B18: DAX
B19: Core
B20: MSCI
B21: Developed
B22: Treasury
B23: Corporate
B24: Reit
